Map: Lightshade LE

Players

Finnz

  • Race: Terran Terran
  • League: Master

Mustitier - Winner!

  • Race: Terran Terran
  • League: Master

VOD

Have the link to the VOD?

Description

Time

  • Played on: Sept. 12, 2021, 4:50 p.m.
  • Length: 11:42
Show
View Real Time Build Order
Export as new Build Order

Finnz Terran 

Build Orders:  

Get SALT Encoding   

  12  0:00  SCV  
  13  0:12  SCV  
  14  0:17  Supply Depot  
  14  0:24  SCV  
  15  0:38  SCV  
  15  0:40  Barracks  
  16  0:46  Refinery  
  16  0:50  SCV  
  16  0:52  Refinery  
  17  1:03  SCV  
  18  1:15  SCV  
  19  1:27  Orbital Command  
  19  1:28  Reaper  
  20  1:33  Supply Depot  
  20  1:42  Factory  
  20  1:53  SCV  
  21  2:00  Reaper  
  22  2:05  SCV  
  23  2:17  SCV  
  24  2:23  Command Center  
  24  2:28  Hellion  
  24  2:29  SCV  
  27  2:36  Supply Depot  
  27  2:39  Reaper  
  27  2:41  SCV  
  28  2:52  Hellion, Supply Depot  
  28  2:54  SCV  
  31  3:05  Starport  
  31  3:11  Reaper  
  31  3:20  Hellion, SCV  
  34  3:33  SCV  
  35  3:42  Factory Tech Lab  
  35  3:43  Barracks Reactor  
  35  3:44  Starport Tech Lab  
  35  3:52  SCV  
  36  4:01  Cyclone  
  39  4:04  Orbital Command, Refinery  
  39  4:11  SCV  
  38  4:26  Marine x2  
  38  4:31  SCV  
  41  4:32  SCV  
  41  4:33  Siege Tank  
  41  4:37  Raven  
  47  4:43  SCV  
  47  4:44  Marine x2, SCV  
  51  4:50  Command Center  
  51  4:51  Supply Depot  
  51  4:55  SCV  
  51  4:56  SCV  
  53  5:02  Marine x2  
  53  5:06  Siege Tank  
  58  5:07  SCV  
  58  5:11  SCV  
  60  5:19  SCV  
  60  5:20  Raven, Marine x2  
  64  5:24  SCV  
  65  5:29  Refinery  
  65  5:31  Supply Depot, SCV  
  66  5:36  SCV  
  66  5:39  Barracks  
  67  5:42  Barracks  
  67  5:43  SCV  
  67  5:48  SCV  
  69  5:53  Siege Tank  
  69  5:55  Supply Depot  
  69  5:56  SCV  
  73  5:57  Marine  
  73  5:58  Marine  
  73  6:00  SCV  
  73  6:03  Orbital Command  
  76  6:07  Raven  
  76  6:08  SCV  
  79  6:12  SCV  
  78  6:20  SCV  
  78  6:23  Supply Depot  
  78  6:24  Engineering Bay x2, SCV  
  80  6:30  Barracks Tech Lab, Barracks Reactor  
  80  6:32  SCV x2  
  80  6:35  Siege Tank  
  80  6:36  SCV  
  80  6:37  Marine  
  80  6:38  Marine  
  86  6:45  SCV  
  86  6:46  SCV  
  88  6:51  Terran Infantry Armor Level 1, Terran Infantry Weapons Level 1  
  88  6:52  Stimpack  
  88  6:58  Barracks  
  88  7:00  Barracks  
  88  7:01  Viking, SCV  
  89  7:02  Viking  
  89  7:05  Combat Shield  
  89  7:08  SCV x2  
  95  7:12  Marine x2  
  95  7:13  SCV  
  95  7:14  Orbital Command  
  95  7:15  Marine  
  99  7:17  Siege Tank  
  99  7:20  SCV  
  102  7:25  SCV  
  102  7:29  Marine  
  104  7:32  SCV  
  105  7:37  SCV  
  105  7:41  Viking  
  109  7:44  SCV  
  109  7:48  Barracks Reactor  
  109  7:49  Barracks Reactor  
  109  7:50  Viking, Siege Tank, SCV x2  
  109  7:51  Marine x2  
  117  7:52  Marine x2  
  117  7:57  Supply Depot  
  117  7:58  Supply Depot x2  
  120  8:01  Refinery  
  120  8:02  Refinery  
  120  8:03  SCV  
  120  8:05  Armory  
  121  8:08  Marine  
  121  8:09  Marine, SCV x2  
  121  8:10  Missile Turret  
  125  8:18  SCV  
  126  8:20  Sensor Tower  
  126  8:21  SCV  
  126  8:25  SCV  
  126  8:30  SCV  
  126  8:32  Marine  
  126  8:33  Marine, SCV  
  130  8:34  Factory  
  130  8:36  Siege Tank  
  130  8:37  Factory, Marine x2  
  130  8:38  SCV  
  136  8:42  SCV  
  136  8:43  Barracks Reactor  
  136  8:46  Supply Depot  
  136  8:47  Supply Depot  
  137  8:48  SCV  
  137  8:49  Missile Turret x2  
  138  8:56  SCV x2  
  138  8:58  Marine, Missile Turret  
  138  9:00  Medivac, SCV  
  144  9:03  Medivac  
  144  9:08  SCV  
  144  9:09  SCV  
  148  9:10  Supply Depot  
  148  9:11  Supply Depot  
  148  9:12  SCV  
  148  9:16  Terran Infantry Weapons Level 2  
  149  9:17  Terran Infantry Armor Level 2  
  149  9:24  Siege Tank  
  152  9:26  Marine x2  
  152  9:29  SCV x2  
  152  9:31  Marine x2  
  156  9:33  Marine x2  
  156  9:37  Sensor Tower, Marine x3  
  163  9:45  Marine  
  163  9:46  Marine  
  163  9:49  Marine x2  
  163  9:51  Marine x2  
  169  9:55  Medivac x2, Marine x3  
  174  10:03  Marine x2  
  174  10:06  Siege Tank  
  174  10:07  Marine x2  
  178  10:08  Marine  
  178  10:09  Marine  
  178  10:12  Marine  
  178  10:13  Marine x2  
  163  10:21  Marine x2  
  163  10:24  Marine, Supply Depot  
  163  10:25  Marine  
  163  10:26  Marine, Supply Depot  
  163  10:27  Marine, Supply Depot  
  169  10:30  Marine  
  170  10:38  Marine x2  
  170  10:39  Marine x2  
  170  10:42  Marine x2  
  173  10:44  Marine  
  173  10:45  Marine  
  173  10:46  Siege Tank  
  173  10:48  Marine  
  180  10:56  Marine x2  
  180  10:57  Marine x2  
  180  11:00  Marine x2  
  180  11:02  Marine x2  
  182  11:06  Marine  
  154  11:14  Marine x3  
  154  11:15  Marine  
  154  11:18  Marine x2  
  120  11:20  Marine x2  
Show
View Real Time Build Order
Export as new Build Order

Mustitier Terran - Winner!

Build Orders:  

Get SALT Encoding   

  12  0:00  SCV  
  13  0:12  SCV  
  14  0:20  Supply Depot  
  14  0:24  SCV  
  15  0:42  SCV  
  16  0:44  Barracks  
  16  0:48  Refinery  
  16  0:54  SCV  
  17  0:59  Barracks  
  17  1:06  SCV  
  18  1:19  SCV  
  19  1:32  Reaper  
  21  1:33  Orbital Command  
  21  1:38  Supply Depot  
  20  1:48  Reaper  
  21  2:00  SCV  
  22  2:07  Reaper  
  23  2:12  SCV  
  24  2:19  Command Center  
  24  2:26  Reaper  
  25  2:30  SCV  
  25  2:32  Refinery  
  26  2:42  SCV  
  27  2:44  Barracks Reactor  
  27  2:54  SCV  
  27  2:57  Command Center  
  28  3:02  Barracks Tech Lab  
  28  3:06  SCV  
  29  3:18  SCV  
  30  3:20  Bunker  
  30  3:22  Marine  
  31  3:30  Marine  
  31  3:31  Factory  
  31  3:32  Barracks Tech Lab  
  32  3:40  SCV  
  33  3:44  Orbital Command  
  33  3:46  Marine  
  34  3:53  SCV  
  34  3:54  Marine x2  
  37  3:59  Stimpack  
  37  4:05  SCV  
  37  4:06  Marine  
  39  4:12  Marine  
  36  4:17  Marine  
  36  4:23  Marine  
  38  4:29  Orbital Command  
  38  4:30  Marine  
  39  4:31  Cyclone  
  39  4:33  SCV  
  39  4:34  SCV  
  39  4:35  Marine  
  45  4:40  Starport  
  45  4:41  Marine  
  46  4:46  SCV x2  
  46  4:47  Marine  
  49  4:53  Marine  
  49  4:54  Supply Depot  
  49  4:58  SCV x2  
  49  4:59  Marine  
  53  5:05  Marine, SCV  
  53  5:06  Siege Tank  
  58  5:10  Marine, SCV x2  
  58  5:12  Supply Depot  
  61  5:17  Marine, SCV  
  61  5:20  Refinery  
  61  5:21  Refinery  
  63  5:22  Supply Depot  
  63  5:25  Marine, Starport Reactor  
  64  5:33  SCV  
  64  5:35  SCV  
  66  5:36  SCV  
  67  5:43  Engineering Bay x2, Marine  
  67  5:45  Combat Shield, SCV  
  67  5:47  SCV  
  67  5:49  Siege Tank  
  73  5:51  SCV  
  74  5:57  SCV  
  74  5:59  SCV  
  74  6:00  Supply Depot  
  74  6:02  Supply Depot  
  74  6:03  SCV  
  77  6:04  Medivac  
  77  6:05  Medivac  
  81  6:18  SCV x2  
  82  6:19  SCV  
  82  6:20  Terran Infantry Armor Level 1, Terran Infantry Weapons Level 1  
  82  6:23  Supply Depot x2  
  84  6:26  Siege Tank  
  84  6:30  SCV  
  84  6:31  Supply Depot  
  88  6:40  Barracks  
  88  6:41  Marine  
  88  6:42  Marine, SCV x2  
  88  6:44  Starport Reactor  
  93  6:53  Orbital Command  
  93  6:54  SCV x2  
  93  7:00  Barracks  
  94  7:02  Armory  
  94  7:03  Barracks  
  94  7:06  SCV x2  
  96  7:18  SCV  
  96  7:19  SCV  
  96  7:20  Marine  
  96  7:21  Marine x2  
  101  7:23  Siege Tank  
  101  7:26  Medivac x2  
  101  7:28  SCV  
  109  7:32  SCV  
  110  7:38  Marine x2, SCV  
  110  7:40  SCV  
  115  7:45  Refinery  
  115  7:46  Refinery  
  115  7:48  SCV  
  115  7:50  Terran Vehicle Weapons Level 1, Factory  
  115  7:55  Barracks Reactor x2, Supply Depot  
  115  7:56  Supply Depot, Barracks Reactor  
  115  7:57  Supply Depot  
  115  7:58  Siege Tank  
  115  8:00  Marine x3  
  121  8:08  Medivac, Supply Depot  
  121  8:12  Marine  
  124  8:18  Marine x3  
  127  8:28  Terran Infantry Armor Level 2, Terran Infantry Weapons Level 2  
  127  8:30  Marine  
  127  8:31  Command Center  
  128  8:35  Marine  
  128  8:36  Marine x2  
  128  8:37  Marine x6  
  128  8:39  Siege Tank  
  140  8:43  Siege Tank  
  140  8:46  Supply Depot  
  140  8:47  Supply Depot x2  
  140  8:48  Marine  
  144  8:51  Sensor Tower  
  144  8:53  Marine x2  
  144  8:54  Marine x2  
  144  8:55  Marine x5  
  153  9:06  Marine  
  154  9:11  Siege Tank, Marine x3  
  154  9:12  Marine x6  
  154  9:15  Siege Tank  
  169  9:23  Marine  
  170  9:26  Supply Depot  
  170  9:29  Marine x3  
  170  9:30  Marine x6  
  178  9:41  Marine  
  178  9:43  Siege Tank  
  179  9:47  Siege Tank, Marine x3  
  179  9:48  Marine  
  186  9:53  Marine x5  
  186  9:59  Marine  
  192  10:04  Marine  
  192  10:05  Marine x2  
  192  10:06  Marine  
  193  10:11  Marine x3  
  182  10:15  Siege Tank  
  182  10:20  Siege Tank, Marine  
  182  10:21  Marine x2  
  186  10:22  Marine x2  
  186  10:23  Marine x2  
  186  10:27  Medivac  
  191  10:29  Marine x3  
  194  10:38  Marine x3  
  194  10:40  Marine x3  
  194  10:41  Marine  
  190  10:46  Marine  
  190  10:47  Siege Tank, Marine x2  
  187  10:56  Marine  
  182  10:59  Marine x6  
  188  11:04  Marine x3  
  169  11:14  Marine  
  169  11:17  Marine x6  
  147  11:22  Marine x3  
  152  11:28  SCV x3  
Tags
 
Add a new tag
Caveats
  • Supply blocks, unpowered buildings, or Contaminate may cause inaccurate times.
  • Supply counts are checked every 10 seconds.